Map: Rhoskallian LE

Players

iPlayDefense

  • Race: Terran Terran
  • Spawn Location: 12:00

Computer

  • Race: Zerg Zerg
  • Spawn Location: 11:00

sneakyTurtle - Winner!

  • Race: Protoss Protoss
  • Spawn Location: 6:00

llantero - Winner!

  • Race: Protoss Protoss
  • Spawn Location: 5:00

VOD

Have the link to the VOD?

Description

Time

  • Played on: April 12, 2025, 12:19 a.m.
  • Length: 6:21
Show
View Real Time Build Order
Export as new Build Order

iPlayDefense Terran 

Build Orders:  

Get SALT Encoding   

  12  0:00  SCV  
  13  0:12  SCV  
  14  0:23  Supply Depot  
  14  0:27  Refinery  
  14  0:31  SCV  
  15  0:45  SCV  
  15  0:48  Barracks  
  16  0:58  SCV  
  17  1:13  Supply Depot  
  17  1:35  Orbital Command  
  17  1:36  Barracks Reactor  
  17  1:47  Barracks  
  17  1:53  Command Center  
  17  2:02  SCV  
  18  2:12  Marine  
  18  2:13  Marine  
  18  2:14  SCV  
  21  2:26  SCV  
  22  2:30  Marine x2  
  24  2:38  SCV, Engineering Bay  
  24  2:41  Barracks Tech Lab  
  25  2:48  Marine x2  
  25  2:50  SCV  
  28  3:00  Combat Shield  
  29  3:05  SCV  
  29  3:06  Marine x2  
  31  3:14  Marine  
  31  3:17  SCV  
  33  3:22  Barracks  
  33  3:24  Marine x2, Barracks  
  33  3:25  Terran Infantry Weapons Level 1  
  35  3:29  SCV  
  35  3:32  Marine  
  37  3:42  SCV, Marine x2  
  40  3:50  Marine  
  40  3:54  SCV  
  42  3:59  Marine x2  
  42  4:08  Marine  
  43  4:15  Barracks Reactor  
  43  4:19  Stimpack  
  43  4:24  Orbital Command  
  43  4:26  Marine  
  43  4:28  Barracks Reactor  
  43  4:30  Factory  
  44  4:38  Supply Depot  
  42  5:01  Supply Depot  
  42  5:06  Marine  
  42  5:07  Marine x6  
  48  5:23  Supply Depot  
  48  5:24  Marine  
  48  5:25  Marine x6  
  48  5:26  Factory Tech Lab  
  55  5:42  Marine x5  
  56  5:43  Marine x2  
  56  5:46  Supply Depot  
  59  6:00  Marine x7  
  55  6:11  Supply Depot  
Show
View Real Time Build Order
Export as new Build Order

Computer Zerg 

Build Orders:  

Get SALT Encoding   

Show
View Real Time Build Order
Export as new Build Order

sneakyTurtle Protoss - Winner!

Build Orders:  

Get SALT Encoding   

  12  0:20  Probe  
  13  0:32  Probe  
  14  0:42  Pylon  
  14  0:44  Probe  
  14  0:45  Assimilator  
  15  0:50  Assimilator  
  15  1:00  Probe  
  16  1:10  Forge  
  16  1:12  Probe  
  16  1:15  Pylon  
  17  1:24  Probe  
  18  1:27  Gateway  
  18  1:32  Pylon  
  18  1:38  Probe  
  19  1:47  Pylon  
  19  1:50  Probe  
  20  2:07  Probe  
  21  2:14  Gateway  
  21  2:16  Gateway  
  21  2:26  Photon Cannon  
  21  2:33  Pylon  
  21  2:47  Pylon  
  21  3:06  Photon Cannon  
  21  3:09  Photon Cannon  
  21  3:13  Photon Cannon  
  21  3:23  Pylon  
  21  3:28  Zealot  
  23  3:39  Cybernetics Core  
  23  3:43  Probe  
  24  3:54  Photon Cannon  
  24  4:05  Photon Cannon  
  22  4:13  Zealot  
  24  4:27  Photon Cannon  
  24  4:41  Pylon  
  22  4:45  Photon Cannon  
  22  5:00  Photon Cannon  
  22  5:04  Stalker  
  24  5:16  Photon Cannon  
  24  5:29  Pylon  
  24  5:58  Robotics Facility  
  24  6:03  Photon Cannon  
  24  6:05  Photon Cannon  
  24  6:07  Photon Cannon  
Show
View Real Time Build Order
Export as new Build Order

llantero Protoss - Winner!

Build Orders:  

Get SALT Encoding   

  12  0:01  Probe  
  13  0:24  Pylon  
  13  0:31  Pylon  
  13  0:34  Probe  
  14  0:46  Probe  
  15  0:51  Gateway  
  15  1:00  Gateway  
  15  1:04  Probe  
  16  1:16  Probe  
  17  1:24  Gateway  
  19  1:40  Zealot  
  19  1:48  Assimilator  
  19  1:57  Zealot  
  21  2:06  Pylon  
  21  2:07  Zealot  
  23  2:13  Pylon  
  23  2:18  Assimilator  
  23  2:23  Probe  
  23  2:24  Zealot  
  26  2:33  Zealot  
  26  2:35  Probe  
  29  2:39  Zealot  
  31  2:47  Probe  
  32  2:53  Zealot  
  34  2:59  Probe  
  34  3:00  Zealot  
  37  3:17  Zealot  
  39  3:20  Zealot  
  41  3:28  Zealot  
  41  4:18  Zealot x3  
  47  4:28  Forge  
  47  4:29  Cybernetics Core  
  47  4:37  Pylon  
  47  4:55  Zealot x3  
  47  5:22  Zealot x2  
  47  5:26  Stalker  
  53  5:46  Stalker x2  
Tags
 
Add a new tag
Caveats
  • Supply blocks, unpowered buildings, or Contaminate may cause inaccurate times.
  • Supply counts are checked every 10 seconds.